 Dungeon Crawl Stone Soup version 0.31-a0-66-ge618eeaa78 (webtiles) character file.

Game seed: 10393002024557643585

73 Strat the Sneak (level 4, 0/26 HPs)
             Began as a Kobold Brigand on May 22, 2023.
             Succumbed to an adder's poison
             ... on level 2 of the Dungeon.
             The game lasted 00:04:29 (1610 turns).

Strat the Sneak (Kobold Brigand)                    Turns: 1610, Time: 00:04:30

Health: 0/26       AC:  4    Str:  8    XL:     4   Next: 51%
Magic:  4/4        EV: 14    Int: 12    God:
Gold:   33         SH:  0    Dex: 18    Spells: 3/3 levels left

rFire   . . .        a - +2 dagger
rCold   . . .        (no shield)
rNeg    . . .        b - +0 robe
rPois   .            l - +0 helmet
rElec   .            c - +0 cloak
rCorr   .            (no gloves)
SInv    .            (no boots)
Will    +....        (no amulet)
Stlth   ++++         j - ring of willpower
HPRegen 0.24/turn    (no ring)
MPRegen 0.09/turn

%: no passive effects
@: lethally poisoned (0 -> -2), hasted, invisible, very quick
A: small, no large weapons, nightstalker 3
a: no special abilities


You were on level 2 of the Dungeon.
You visited 1 branch of the dungeon, and saw 2 of its levels.

You collected 83 gold pieces.
You spent 50 gold pieces at shops.

Inventory:

Hand Weapons
 a - a +2 dagger (weapon)
 i - a +0 rapier
Missiles
 d - 9 poisoned darts (quivered)
 e - 3 curare-tipped darts
Armour
 b - a +0 robe (worn)
 c - a +0 cloak (worn)
 l - a +0 helmet (worn)
Jewellery
 f - a ring of flight
 j - a ring of willpower (left hand)
Scrolls
 g - a scroll of brand weapon {unknown}
 k - a scroll of enchant armour {unknown}
 m - a scroll of amnesia {unknown}
 p - a scroll of magic mapping {unknown}
 q - 2 scrolls of teleportation
Potions
 h - 2 potions of enlightenment


   Skills:
 + Level 2.2 Fighting
 * Level 4.9 Short Blades
 - Level 2.1 Throwing
 + Level 1.3 Dodging
 + Level 6.2 Stealth


You had 3 spell levels left.
You didn't know any spells.
Your spell library was empty.

Dungeon Overview and Level Annotations

Branches:
Dungeon (2/15)

Altars:

Shops:
D:2 ?


Innate Abilities, Weirdness & Mutations

You are small and have problems with some larger weapons.
You are completely attuned to the shadows.


Message History

You feel sick. The adder bites you.
* * * LOW HITPOINT WARNING * * *
You are lethally poisoned!
The adder poisons you!
You feel yourself speed up.
* * * LOW HITPOINT WARNING * * *
You feel very sick. The adder bites you but does no damage.
The adder misses you.
You hit the adder.
You kill the adder!
* * * LOW HITPOINT WARNING * * *
You feel sick.
* * * LOW HITPOINT WARNING * * *
You feel sick. The hobgoblin closely misses you.
You hit the hobgoblin.
The hobgoblin is lightly wounded.
* * * LOW HITPOINT WARNING * * *
You feel sick. The hobgoblin barely misses you.
You hit the hobgoblin.
The hobgoblin is severely wounded.
* * * LOW HITPOINT WARNING * * *
You feel sick.
You closely miss the hobgoblin.
The hobgoblin is severely wounded.
* * * LOW HITPOINT WARNING * * *
You feel sick. The hobgoblin closely misses you.
You closely miss the hobgoblin.
The hobgoblin is severely wounded.
* * * LOW HITPOINT WARNING * * *
You feel sick.
You hit the hobgoblin.
You kill the hobgoblin!
It was a potion of invisibility.
You fade into invisibility!
* * * LOW HITPOINT WARNING * * *
You feel sick.
* * * LOW HITPOINT WARNING * * *
You feel sick.
There is an open door here.
You die...

#........<..##...#.# #.#
####.####...#.........# #.#
.....#####.##..##.>.### #.#
...........##..###.## #.#
##################.## #.# #
###..#..# #.# # ###.......##
#.# # ###......#...# #.# #
###......#@###.# #.#
###......###.#...# #.#
###......###..†##.#######.#####
#......###...####.#...........#
.....###...### #.#.######.##.#
......##..## #.#.# #.##.#
#......##.. #.#.# #.##.#
##......##.S ##.#.######.##.#
##......##.. #.........#.##)#


There were no monsters in sight!

Vanquished Creatures
  3 adders (D:2)
  4 dart slugs
  A ball python (D:2)
  An endoplasm (D:2)
  3 giant cockroaches (D:2)
  A goblin (D:2)
  7 hobgoblins
  3 jackals (D:1)
  2 quokkas (D:1)
  6 bats
  A frilled lizard (D:1)
  3 rats
35 creatures vanquished.

Notes
Turn   | Place    | Note
-------+----------+-------------------------------------------
     0 | D:1      | Strat the Kobold Brigand began the quest for the Orb.
     0 | D:1      | Reached XP level 1. HP: 12/12 MP: 1/1
   446 | D:1      | Reached XP level 2. HP: 17/17 MP: 2/2
   882 | D:2      | Reached XP level 3. HP: 21/21 MP: 3/3
  1333 | D:2      | Reached skill level 6 in Stealth
  1458 | D:2      | Reached XP level 4. HP: 26/26 MP: 4/4
  1489 | D:2      | Found Ynnor's Magic Scroll Shop.
  1502 | D:2      | Bought a scroll of identify for 20 gold pieces
  1502 | D:2      | Bought a scroll of teleportation for 30 gold pieces
  1608 | D:2      | HP: 1/26 [poisoned by an adder]
  1610 | D:2      | Succumbed to an adder's poison

Illustrated notes

Levels and vault maps discovered:
D:1:      minmay_arrival_cross, layout_basic, minivault_26
D:2:      minmay_razor_zed, layout_loops_ring, serial_shops, shop, st_stairs_13,
          minmay_diced_spiral

Skill      XL: |  1  2  3 |
---------------+----------+-----
Short Blades   | 3 4 |  4.9
Stealth        | 6 |  6.2
Fighting       | |  2.2
Throwing       | |  2.1
Dodging        | |  1.3

Action                     |  1- 3 |  4- 6 || total
---------------------------+-------+-------++-------
  Melee: Dagger            |    54 |    31 ||    85
  Throw: Dart              |     2 |       ||     2
    Use: Scroll            |       |     3 ||     3
         Potion            |       |     2 ||     2
   Stab: Sleeping          |    19 |     2 ||    21
 Armour: Robe              |     7 |     8 ||    15
  Dodge: Dodged            |    24 |    25 ||    49

Table legend: (Time is in decaauts)
 A = Elapsed time spent in this place.
 B = Non-inter-level travel time spent in this place.
 C = Inter-level travel time spent in this place.
 D = Time resting spent in this place.
 E = Time spent auto-exploring this place.
 F = Levels seen in this place.
 G = Mean time per level.
                   A        B        C        D        E       F      G
               +--------+--------+--------+--------+--------+-----+--------+
         Total |   1588 |   1576 |     12 |    138 |    970 |   2 |  794.0 |
       Dungeon |   1588 |   1576 |     12 |    138 |    970 |   2 |  794.0 |
               +--------+--------+--------+--------+--------+-----+--------+

Top non-repeatable levels by time:
     D:1: 822 daAuts
     D:2: 766 daAuts
